 Dungeon Crawl Stone Soup version 0.19.5 (webtiles) character file.

2839 stuartdbuchanan the Chopper (level 9, -14/79 HPs)
             Began as a Deep Dwarf Fighter on Mar 26, 2017.
             Was a Follower of Makhleb.
             Demolished by a two-headed ogre
             ... wielding a +0 giant club
             ... created by the rage of Trog
              (22 damage)
             ... in an ossuary on Mar 28, 2017.
             The game lasted 01:15:00 (7764 turns).

stuartdbuchanan the Chopper (Deep Dwarf Fighter)    Turns: 7764, Time: 01:15:01

Health: -14/79     AC: 14    Str: 18 (20) XL:     9   Next: 46%
Magic:  9/9        EV: 11    Int:  9 (10) God:    Makhleb [*.....]
Gold:   370        SH: 10    Dex: 12 (14) Spells: 0 memorised, 8 levels left

rFire  + . .     SeeInvis .     m - +3 mace (crush)
rCold  x . .     Gourm    .     Q - +4 ring mail
rNeg   . . .     Faith    .     c - +0 shield
rPois  .         Spirit   .     (no helmet)
rElec  .         Reflect  .     (no cloak)
rCorr  .         Harm     .     C - +1 pair of gloves
MR     +....                    (no boots)
Stlth  +.........               (no amulet)
                                (no ring)
                                I - ring of fire

@: non-regenerating
A: damage resistance, recharge devices, molten scales 1, sense surroundings 2,
slow regeneration 3
a: Device Recharging, Renounce Religion


You were in an ossuary.
You worshipped Makhleb.
Makhleb was aware of your devotion.
You were not hungry.

You visited 2 branches of the dungeon, and saw 9 of its levels.
You also visited: Ossuary.

You collected 370 gold pieces.

Inventory:

Hand Weapons
 m - a +3 mace of crushing (weapon)
 o - a +2 whip of electrocution
 p - a +1 short sword of distortion
 z - a cursed -2 dagger
 A - a cursed -1 whip
 J - a +1 shortbow of flaming
 P - a +0 long sword
 V - a +3 quarterstaff of chaos
Missiles
 h - 302 stones
 s - 168 arrows
 x - 20 poisoned needles
 O - 4 tomahawks of returning
 T - 2 javelins of returning (quivered)
 W - 20 bolts
Armour
 b - a +0 scale mail
 c - a +0 shield (worn)
 n - a +1 pair of gloves
 u - a +0 robe of the Archmagi
 y - a +0 chain mail
 C - a +1 pair of gloves (worn)
 D - a +1 scale mail of fire resistance
 Q - a +4 ring mail (worn)
 U - a +2 hat
 X - a +2 hat
Jewellery
 I - a ring of fire (left hand)
 K - a +5 amulet of reflection {unknown}
 S - an uncursed ring of flight
 Y - a cursed ring of teleportation {unknown}
Wands
 e - a wand of heal wounds (0/9)
 f - a wand of random effects (38/48)
 L - a wand of enslavement (5/24)
Scrolls
 g - 5 scrolls of teleportation
 i - a scroll of fog {unknown}
 k - a scroll of enchant armour
 q - 3 scrolls of amnesia
 r - a scroll of magic mapping {unknown}
 t - 3 scrolls of remove curse
 v - a scroll of holy word {unknown}
 B - 2 scrolls of immolation
 R - 2 scrolls of identify
Potions
 d - a potion of resistance {unknown}
 j - a potion of cure mutation
 l - a potion of berserk rage {unknown}
Comestibles
 a - a royal jelly
 E - 3 bread rations


   Skills:
 + Level 4.7 Fighting
   Level 6.9(8.2) Axes
 + Level 6.2(7.4) Maces & Flails
 + Level 0.1 Throwing
 + Level 6.2 Armour
 + Level 4.4 Dodging
 + Level 1.0 Stealth
 + Level 6.9 Shields
 + Level 1.3 Evocations


You had 8 spell levels left.
You didn't know any spells.

Dungeon Overview and Level Annotations

Branches:
Dungeon (8/15)             Temple (1/1) D:7
   Lair: D:8-11

Altars:
Ashenzari
Cheibriados
Elyvilon
Gozag
Makhleb
Nemelex Xobeh
Ru
Trog
Uskayaw
Vehumet

Shops:
D:6 [   D:8 :[(

Annotations:
D:8 Grum


Innate Abilities, Weirdness & Mutations

You are resistant to damage.
You can recharge devices by infusing magical energy.
You passively map the area around you.
You do not regenerate.
You are partially covered in molten scales. (AC +2)


Message History

* * * LOW HITPOINT WARNING * * *
The two-headed ogre hits you with a giant club!
* * * LOW HITPOINT WARNING * * *
You block the bullfrog zombie's attack.
As you read the scroll of teleportation, it crumbles to dust.
You feel strangely unstable.
The black bear bites you but does no damage.
The black bear claws you but does no damage.
The black bear claws you.
The two-headed ogre hits you with a giant club.
The two-headed ogre hits you with a giant spiked club.
* * * LOW HITPOINT WARNING * * *
The two-headed ogre hits you with a giant club.
You block the two-headed ogre's attack. The black bear closely misses you. x2
The black bear barely misses you.
The bullfrog zombie hits you but does no damage.
As you read the scroll of teleportation, it crumbles to dust.
You feel strangely stable.
The two-headed ogre hits you with a giant club!!
You die...

.'.# #.#, #.'.#
###.#####'#####.#
#.'.............+
###.#####'#####.#
#...#...#.#∩..#.+
##≈≈#...###.∩.#.#
#P≈.#...#.#...#h+ *
##≈.##'##≈##≈##O###
#P.≈≈.Z≈≈≈≈≈.≈O@h.#
#≈≈.≈≈#.≈(#'#+#Z###
#≈#P≈.#.#P#.≈P#.#
##≈#≈≈#≈#≈#≈#≈###
########≈###≈#
≈##≈* # *≈ * ≈≈≈
**##


You could see a polar bear (berserk), 2 two-headed ogres, a black bear (berserk)
and a bullfrog zombie.

Vanquished Creatures
  Menkaure (D:7)
  A water moccasin (D:5)
  An ice beast (D:5)
  A sky beast (D:6)
  An ogre (D:4)
  A black bear (D:7)
  An orc warrior (D:6)
  3 centaurs
  The ghost of sankara the Insei, an amateur OpTm (D:3)
  A bullfrog (D:6)
  Blork the orc (D:6)
  A wyvern zombie (D:6)
  The ghost of Hybris the Scratcher, an amateur FeMo (D:4)
  A water moccasin zombie (Ossuary)
  3 scorpions
  3 bullfrog zombies
  A crimson imp (D:6)
  5 hounds
  3 jellies
  A centaur skeleton (D:5)
  A centaur zombie (Ossuary)
  3 orc priests
  Crazy Yiuf (D:6)
  Terence (D:3)
  4 orc wizards
  An iguana (D:6)
  2 worker ants
  3 hound zombies
  8 mummies (Ossuary)
  3 worker ant zombies
  15 gnolls
  10 adders
  2 shadow imps
  An adder skeleton (D:4)
  2 adder zombies
  5 worms
  4 dart slugs
  5 leopard geckos
  23 orcs
  8 giant cockroaches
  10 goblins
  8 hobgoblins
  4 jackals
  2 quokkas
  3 ball pythons
  8 bats
  7 frilled lizards
  A giant cockroach zombie (Ossuary)
  12 kobolds
  A leopard gecko zombie (Ossuary)
  A quokka skeleton (D:7)
  A quokka zombie (Ossuary)
  8 rats
200 creatures vanquished.

Vanquished Creatures (collateral kills)
  A jelly (D:7)
1 creature vanquished.

Vanquished Creatures (others)
  An ogre (D:7)
  2 withered plants (Ossuary)
3 creatures vanquished.

Grand Total: 204 creatures vanquished

Notes
Turn   | Place    | Note
-------+----------+-------------------------------------------
     0 | D:1      | stuartdbuchanan the Deep Dwarf Fighter began the quest for the Orb.
     0 | D:1      | Reached XP level 1. HP: 20/20 MP: 1/1
   107 | D:1      | Reached XP level 2. HP: 27/27 MP: 2/2
   677 | D:1      | Reached XP level 3. HP: 22/33 MP: 3/3
  1061 | D:2      | Found a snail-covered altar of Cheibriados.
  1297 | D:2      | Found an opulent altar of Gozag.
  1477 | D:2      | Reached skill level 1 in Dodging
  2048 | D:3      | Reached XP level 4. HP: 38/42 MP: 4/4
  2196 | D:3      | You fall through a shaft for 3 floors!
  2197 | D:6      | Noticed a water moccasin
  2202 | D:5      | Entered Level 5 of the Dungeon
  2219 | D:5      | Killed a water moccasin
  2219 | D:5      | Reached XP level 5. HP: 23/49 MP: 5/5
  2362 | D:5      | Reached XP level 6. HP: 37/56 MP: 6/6
  2455 | D:5      | Found a sparkling altar of Nemelex Xobeh.
  2509 | D:5      | Reached skill level 5 in Axes
  2894 | D:4      | Reached XP level 7. HP: 25/62 MP: 7/7
  3054 | D:4      | Reached skill level 5 in Armour
  3054 | D:4      | Reached skill level 5 in Shields
  3386 | D:4      | Found a bloodstained altar of Trog.
  3386 | D:4      | Noticed Hybris's ghost (amateur FeMo)
  3512 | D:3      | Noticed Terence
  3537 | D:3      | Killed Terence
  3903 | D:3      | Noticed sankara's ghost (amateur OpTm)
  3920 | D:3      | Killed sankara's ghost
  4347 | D:4      | Reached XP level 8. HP: 24/72 MP: 8/8
  4405 | D:4      | Killed Hybris's ghost
  4405 | D:4      | Reached skill level 1 in Maces & Flails
  4429 | D:4      | Became a worshipper of Trog the Wrathful
  4587 | D:4      | HP: 2/72 [gnoll/halberd (3)]
  4605 | D:4      | HP: 1/72 [gnoll/halberd (1)]
  4617 | D:4      | Gained mutation: You are resistant to electric shocks. (rElec) [potion of beneficial mutation]
  4618 | D:4      | Gained mutation: You are clumsy. (Dex -2) [potion of mutation]
  4618 | D:4      | Gained mutation: You have a pair of small horns on your head. [potion of mutation]
  4618 | D:4      | Gained mutation: You are partially covered in molten scales. (AC +2) [potion of mutation]
  4620 | D:4      | Lost mutation: You are clumsy. (Dex -2) [potion of cure mutation]
  4620 | D:4      | Lost mutation: You have a pair of small horns on your head. [potion of cure mutation]
  4620 | D:4      | Lost mutation: You are resistant to electric shocks. (rElec) [potion of cure mutation]
  5214 | D:6      | Noticed Blork the orc
  5264 | D:6      | Killed Blork the orc
  5349 | D:6      | HP: 2/72 [orc warrior/trident (7)]
  5352 | D:6      | Reached skill level 1 in Evocations
  5402 | D:6      | HP: 1/72 [wyvern zombie (1)]
  5424 | D:6      | Reached * piety under Trog
  5489 | D:6      | Found Jocsaqits's Antique Armour Boutique.
  5835 | D:6      | Found a runed door.
  5839 | D:6      | Noticed Crazy Yiuf
  5846 | D:6      | Killed Crazy Yiuf
  5846 | D:6      | Gained mutation: You passively map the area around you. [Deep Dwarf growth]
  5846 | D:6      | Reached XP level 9. HP: 41/78 MP: 8/8
  6031 | D:7      | Noticed Menkaure
  6041 | D:7      | Killed Menkaure
  6041 | D:7      | Reached skill level 5 in Maces & Flails
  6120 | D:7      | Reached skill level 1 in Stealth
  6122 | D:7      | HP: 2/79 [ogre/giant spiked club (18)]
  6592 | D:7      | Found a staircase to the Ecumenical Temple.
  6624 | Temple   | Entered the Ecumenical Temple
  6713 | Temple   | Fell from the grace of Trog
  6713 | Temple   | Became a worshipper of Makhleb the Destroyer
  7281 | D:7      | Found a shattered altar of Ashenzari.
  7338 | D:8      | Found Fiynukk's Book Emporium.
  7448 | D:8      | Found Lomidil's Armour Shoppe.
  7559 | D:8      | Found Sosuazuf's Weapon Shoppe.
  7560 | D:8      | Noticed Grum
  7565 | D:8      | Found a sand-covered staircase.
  7569 | Ossuary  | Entered an ossuary
  7733 | Ossuary  | Reached * piety under Makhleb
  7761 | Ossuary  | Noticed a polar bear
  7764 | Ossuary  | Demolished by a two-headed ogre

Skill      XL: |  1  2  3  4  5  6  7  8  9 |
---------------+----------------------------+-----
Dodging        | 1 2 3 4 |  4.4
Shields        | 4 5 6 |  6.9
Fighting       | 3 4 |  4.7
Axes           | 3 4 5 6 |  6.9
Armour         | 4 5 6 |  6.2
Maces & Flails | 4 6 |  6.2
Evocations     | 1 |  1.3
Stealth        | 1 |  1.0
Throwing       | |  0.1

Action                   |  1- 3 |  4- 6 |  7- 9 || total
-------------------------+-------+-------+-------++-------
Melee: War axe           |   196 |   176 |   125 ||   497
       Mace              |       |       |   387 ||   387
Throw: Javelin           |       |       |     1 ||     1
 Abil: Device Recharging |       |       |     1 ||     1
Evoke: Wand              |     1 |     2 |    12 ||    15
  Use: Scroll            |     4 |       |    16 ||    20
       Potion            |       |     1 |    13 ||    14
  Eat: Chunk             |     3 |       |     2 ||     5
       Bread ration      |     1 |       |     2 ||     3
       Fruit             |       |       |     4 ||     4
       Meat ration       |       |       |     1 ||     1
Armor: Scale mail        |    93 |    21 |       ||   114
       Chain mail        |       |    75 |    40 ||   115
       Ring mail         |       |       |   186 ||   186
Dodge: Dodged            |    54 |    49 |   196 ||   299
Block: Shield            |   113 |   119 |   307 ||   539
